hibiki, chaotic female human Rogue --- --|..---- ----- ---.|......- |...--------- ... |...........--...........| ... .. -^.....)...|...--------..| ....--.- ..---......--.--- -.| .....*- .. -.........| |.| ...--@--- |.......^--- |.|-- ...|d... --.......| |.|.| ....... ......-- |...| ---.... ......... |..<| |.....- . ........ |...-- |.....| -.-.....-.. |....| --....-----------.......... --..-- --................).)..... |..| |...^-------------.....-- --- --..-- --.---- ---- --- hibiki the Cutpurse Experience level: 3 Strength: 10 Dexterity: 18 Constitution: 13 Intelligence: 11 Wisdom: 13 Charisma: 10 Health: 0(26) Energy: 12(12) Def: 3 Gold: 1001 Moves: 1240 Dungeon seed: wd-JDWRmP4_C1LDO Game ID: hibiki_1556001266 Your Inventory: Coins $ - 1001 gold pieces Weapons a - a +0 short sword (weapon in hand) Armor e - an uncursed +1 leather armor (being worn) n - an uncursed +0 studded leather armor N - a cursed -2 dwarvish cloak Y - an uncursed +0 pair of iron shoes Comestibles g - an uncursed lichen corpse i - 2 uncursed slime molds m - an uncursed tripe ration Scrolls h - an uncursed scroll of enchant weapon Potions c - an uncursed potion of sickness s - a cursed potion of full healing Rings j - a cursed ring of polymorph r - an uncursed ring of see invisible Tools b - an uncursed sack k - an uncursed lock pick o - an uncursed mirror p - a blessed oil lamp (0:1169) t - a +0 pick-axe Gems q - an uncursed worthless piece of green glass u - an uncursed worthless piece of red glass y - an uncursed fluorite stone z - 2 uncursed garnet stones Spells and supernatural/magical abilities: Name Level Category Fail Memory W - pray for help -- divine ? -- Your skills at the end: Fighting Skills Weapon Skills dagger [Basic] short sword [Basic] Spellcasting Skills Final Attributes: You were piously aligned. You were stealthy. You are dead. Vanquished creatures: a kitten 2 dwarves an acid blob a gas spore 2 hobbits a gnome 3 geckos 3 jackals a goblin 2 sewer rats 2 grid bugs 3 lichens 2 kobold zombies 2 newts 26 creatures vanquished. Voluntary challenges: You used a wielded weapon 19 times, starting on turn 1. You were illiterate. You never genocided any monsters. You never polymorphed an object. You never changed form. You used no wishes. You never split a pudding. You never wrote Elbereth's name. You never violated your personal moral code. Dungeon overview: The Dungeons of Doom: levels 1 to 4 Level 1 an altar to Mog, a fountain a long staircase Level 2 a fountain Level 3 an altar to Kos Level 4 some sinks stairs to The Gnomish Mines The Gnomish Mines: levels 5 to 6 Level 5 <- You were here stairs to The Dungeons of Doom Level 6 History has recorded: On T:1 you entered the Dungeons of Doom to retrieve the Amulet of Yendor! On T:265 you reached level 2 of The Dungeons of Doom. On T:525 you reached level 3 of The Dungeons of Doom. On T:649 you advanced to experience level 2. On T:778 you reached level 4 of The Dungeons of Doom. On T:960 you reached level 1 of The Gnomish Mines. On T:1041 you advanced to experience level 3. On T:1087 you reached level 2 of The Gnomish Mines. Score breakdown: Gold: 1001 (10207 points) Experience: 3 levels ( 7878 points) Exploration: 6 levels ( 12.00%) ( 9583 points) Discoveries: 0 items ( 0.00%) ( 0 points) Valuables value: (no points given unless you survive) Artifact value: 0 ( 0 points) Variety of kills: 14 monsters ( 3.67%) ( 5750 points) Turncount: 1240 turns ( 0 points) Survival: died (score multiplied by 80%) Total score: 26734 Latest messages: The gnome lord picks up a +0 dagger. You fall down the stairs. The dwarf throws a dagger! You are almost hit by a dagger. You stop waiting. You miss the dwarf. The dwarf thrusts his broad short sword. The dwarf hits! The gnome lord wields a +0 dagger! You miss the dwarf. (2x) The dwarf thrusts his broad short sword. The dwarf hits! The dwarf throws a dagger! You are hit by a dagger. The dart misses the dwarf. You are hit by a dart. You hear the howling of the CwnAnnwn... You see here a dagger. The little dog bites! You die... The sack is empty. The sack is empty. Final status: Goodbye hibiki the Rogue, killed by a little dog... You died in The Gnomish Mines on dungeon level 5 with 26734 points, and 1001 pieces of gold, after 1240 moves. You were level 3 with a maximum of 26 hit points when you died.